[Event "Late Titled Tuesday Blitz February 8 2022"]
[White "Svane, Rasmus"]
[Black "Kosteniuk, Alexandra"]
[WhiteFideId "4657101"]
[BlackFideId "4128125"]
[WhiteElo "2645"]
[BlackElo "2469"]
[Result "1-0"]
[Round "03"]
[TimeControl "180+1"]
[Date "2022.02.08"]
[WhiteClock "0:00:40"]
[BlackClock "0:01:04"]

1. Nf3 Nf6 2. g3 d5 3. Bg2 c6 4. O-O Bg4 5. h3 Bh5 6. d4 Nbd7 7. c4 e6 8. cxd5 exd5 9. Ne5 Bg6 10. Nc3 Bd6 11. f4 Be4 12. Nxe4 Nxe4 13. Bxe4 dxe4 14. Qb3 O-O 15. Qxb7 Nxe5 16. fxe5 Be7 17. Be3 Rb8 18. Qxc6 Rxb2 19. Qxe4 Rxe2 20. Rf2 Rxf2 21. Bxf2 Qa5 22. d5 Bc5 23. Rf1 Rc8 24. e6 f5 25. Qe5 Be7 26. Qxf5 Rf8 27. Qe5 Bf6 28. e7 Re8 29. Qe6+ Kh8 30. d6 1-0


[Site "https://www.chess.com"]

[Event "Late Titled Tuesday Blitz February 8 2022"]
[White "Taichman, Ori"]
[Black "Martinez Alcantara, Jose Eduardo"]
[WhiteFideId "2804069"]
[BlackFideId "3805662"]
[WhiteElo "2227"]
[BlackElo "2690"]
[Result "0-1"]
[Round "03"]
[TimeControl "180+1"]
[Date "2022.02.08"]
[WhiteClock "0:00:04"]
[BlackClock "0:00:48"]

1. e4 c5 2. b3 b6 3. Bb2 Bb7 4. Nc3 e6 5. d4 cxd4 6. Qxd4 d6 7. O-O-O a6 8. f4 Nd7 9. Nf3 Qc7 10. f5 e5 11. Qe3 Ngf6 12. h3 h5 13. Rg1 Qc5 14. Qe1 Rc8 15. Bd3 b5 16. g4 hxg4 17. hxg4 Nb6 18. g5 Nfd7 19. Rh1 Rxh1 20. Qxh1 b4 21. Ne2 Qe3+ 22. Kb1 Bxe4 23. Bxe4 Qxe4 24. Rd2 Qxf5 25. Ng3 Qf4 26. Nh5 Qe4 27. Qf1 Qg4 28. Qxa6 Qxf3 29. a4 bxa3 30. Bxa3 Qxh5 31. Bxd6 Bxd6 32. Rxd6 Qxg5 33. Rxb6 Qg1+ 34. Ka2 Rxc2+ 35. Ka3 Qa1+ 36. Kb4 Qc3+ 37. Ka3 Qa1+ 38. Kb4 Qd4+ 39. Ka3 Qxb6 40. Qa8+ Ke7 41. b4 Qe3+ 42. Ka4 Ra2+ 43. Kb5 Qb6+ 44. Kc4 Qd4+ 45. Kb5 Qd3+ 46. Kc6 Rc2+ 47. Kb7 Qb5+ 48. Ka7 Qb6# 0-1


[Site "https://www.chess.com"]

[Event "Late Titled Tuesday Blitz February 8 2022"]
[White "Timofeev, Artyom"]
[Black "Punin, Andrii"]
[WhiteFideId "4140419"]
[BlackFideId "14112639"]
[WhiteElo "2583"]
[BlackElo "2357"]
[Result "1-0"]
[Round "03"]
[TimeControl "180+1"]
[Date "2022.02.08"]
[WhiteClock "0:00:35"]
[BlackClock "0:00:26"]

1. d4 Nf6 2. Nf3 d5 3. c4 e6 4. Nc3 Bb4 5. e3 O-O 6. Bd3 dxc4 7. Bxc4 c5 8. O-O cxd4 9. exd4 b6 10. Qe2 Bb7 11. Rd1 h6 12. Ne5 Nc6 13. Be3 Ne7 14. Rac1 Ned5 15. Ba6 Bxa6 16. Qxa6 Bxc3 17. bxc3 Qc8 18. Qd3 Nd7 19. Nf3 Qb7 20. c4 N5f6 21. h3 Rac8 22. Bf4 Rfe8 23. Bd6 Ne4 24. Ba3 Nef6 25. Bb2 a6 26. a4 b5 27. cxb5 axb5 28. axb5 Rb8 29. d5 Qxb5 30. Qxb5 Rxb5 31. dxe6 Rxe6 32. Bxf6 Nxf6 33. Nd4 Reb6 34. Nxb5 Rxb5 35. Rc2 Kh7 36. Rd3 h5 37. Rc7 1-0


[Site "https://www.chess.com"]

[Event "Late Titled Tuesday Blitz February 8 2022"]
[White "Todorovic, Bojan"]
[Black "Sloan, Julia Elizabeth"]
[WhiteFideId "917087"]
[BlackFideId "2018950"]
[WhiteElo "2266"]
[BlackElo "2113"]
[Result "0-1"]
[Round "03"]
[TimeControl "180+1"]
[Date "2022.02.09"]
[WhiteClock "0:01:52"]
[BlackClock "0:02:23"]

1. c4 c5 2. Nc3 Nc6 3. Nf3 g6 4. g3 Bg7 5. Bg2 d6 6. O-O Bg4 7. d3 e6 8. a3 Nge7 9. Rb1 O-O 10. Bd2 Rb8 11. b4 b6 12. b5 Bxf3 13. Bxf3 Nd4 14. Bg2 e5 15. Bg5 h6 16. Bxe7 Qxe7 17. Nd5 Qd8 18. e3 Ne6 19. a4 f5 20. a5 f4 21. Bh3 Ng5 22. Bg2 f3 0-1


[Site "https://www.chess.com"]

[Event "Late Titled Tuesday Blitz February 8 2022"]
[White "Tregubov, Pavel V."]
[Black "Urbina Perez, Juan Antonio"]
[WhiteFideId "4115341"]
[BlackFideId "2217368"]
[WhiteElo "2341"]
[BlackElo "2192"]
[Result "1-0"]
[Round "03"]
[TimeControl "180+1"]
[Date "2022.02.09"]
[WhiteClock "0:00:30"]
[BlackClock "0:00:05"]

1. e4 e5 2. Nf3 Nc6 3. Bb5 Nf6 4. d4 exd4 5. O-O Be7 6. e5 Nd5 7. Nxd4 Nxd4 8. Qxd4 c6 9. Bc4 Nb6 10. Bd3 d5 11. exd6 Bf6 12. Qb4 O-O 13. Nc3 a5 14. Qc5 Nd7 15. Qh5 g6 16. Qd1 Nc5 17. Bh6 Re8 18. Be2 Bf5 19. Bf3 Qd7 20. Qd2 Rad8 21. Rad1 Ne4 22. Nxe4 Bxe4 23. Bxe4 Rxe4 24. Rfe1 Rxe1+ 25. Rxe1 Bg7 26. Bg5 Qxd6 27. Qxd6 Rxd6 28. Re8+ Bf8 29. Kf1 Kg7 30. Rb8 Rd7 31. Ke2 Be7 32. Bd2 Bf6 33. b3 a4 34. bxa4 Re7+ 35. Kf3 Rd7 36. Be3 Be5 37. Re8 Bf6 38. Rb8 Re7 39. a5 Rd7 40. Ra8 Rd5 41. a6 bxa6 42. Rxa6 Rd6 43. a4 Re6 44. Rb6 h5 45. a5 Re5 46. a6 Ra5 47. Rxc6 g5 48. h3 Ra4 49. g4 hxg4+ 50. hxg4 Be7 51. a7 Bd6 52. Rxd6 1-0


[Site "https://www.chess.com"]

[Event "Late Titled Tuesday Blitz February 8 2022"]
[White "Triapishko, Alexandr"]
[Black "Niemann, Hans Moke"]
[WhiteFideId "14122286"]
[BlackFideId "2093596"]
[WhiteElo "2479"]
[BlackElo "2636"]
[Result "0-1"]
[Round "03"]
[TimeControl "180+1"]
[Date "2022.02.08"]
[WhiteClock "0:00:01"]
[BlackClock "0:00:14"]

1. e4 c5 2. Nf3 Nc6 3. d4 cxd4 4. Nxd4 Nf6 5. Nc3 d6 6. Bc4 Qb6 7. Nde2 g6 8. O-O Bg7 9. Bb3 O-O 10. h3 Be6 11. Be3 Qc7 12. Qd2 Rac8 13. Nf4 Bd7 14. Nfd5 Qd8 15. Bh6 Nxd5 16. Bxg7 Kxg7 17. exd5 Na5 18. Rfe1 Re8 19. Re4 Bf5 20. Rh4 h5 21. Rf4 Bd7 22. Re1 b5 23. Ne4 Nxb3 24. axb3 Qb6 25. Ng5 f6 26. Rfe4 Qd8 27. Ne6+ Bxe6 28. Rxe6 Qc7 29. c3 Rcd8 30. Qe2 Rd7 31. Qxb5 Kf7 32. b4 Qb7 33. Qd3 Ra8 34. b5 a6 35. bxa6 Qxa6 36. c4 Qa7 37. b3 Rb8 38. R6e3 Rdb7 39. Qe4 Qc5 40. Kh2 Qc8 41. g3 Qf5 42. Qxf5 gxf5 43. Rb1 Rb4 44. Rc3 f4 45. gxf4 Kg6 46. Kg3 Kf5 47. Kf3 R8b7 48. Re3 h4 49. Rc3 R7b6 50. Rb2 Rb7 51. Ke3 Rb8 52. Kf3 R8b7 53. Re3 R4b6 54. b4 Rxb4 55. Rxb4 Rxb4 56. Rc3 Ra4 57. Ke3 Ra1 58. c5 dxc5 59. Rxc5 Ra3+ 60. Kd4 Ra4+ 61. Ke3 Ra3+ 62. Ke2 Kxf4 63. Rc4+ Ke5 64. Rxh4 Kxd5 65. Rh8 e5 66. h4 Ke4 67. Kf1 Kf3 68. Kg1 Ra1+ 69. Kh2 Ra2 70. Rf8 Rxf2+ 71. Kh3 Ke4 72. h5 Rf3+ 73. Kh4 Rf4+ 74. Kg3 f5 75. h6 Rg4+ 76. Kh3 Rg6 77. Rh8 Kf3 78. Kh4 f4 79. Kh5 Rg1 80. h7 e4 81. Rf8 Rh1+ 82. Kg6 e3 83. h8=Q Rxh8 84. Rxh8 Kg3 85. Rg8 e2 86. Kf5+ Kh2 87. Re8 f3 88. Kf4 Kg2 89. Rg8+ Kf1 90. Re8 f2 0-1


[Site "https://www.chess.com"]

[Event "Late Titled Tuesday Blitz February 8 2022"]
[White "Tsyhanchuk, Stanislav"]
[Black "Jobava, Baadur"]
[WhiteFideId "13505130"]
[BlackFideId "13601520"]
[WhiteElo "2518"]
[BlackElo "2892"]
[Result "0-1"]
[Round "03"]
[TimeControl "180+1"]
[Date "2022.02.09"]
[WhiteClock "0:00:01"]
[BlackClock "0:00:49"]

1. d4 Nf6 2. c4 c5 3. d5 e6 4. Nc3 exd5 5. cxd5 d6 6. e4 g6 7. Bd3 Bg7 8. h3 O-O 9. Nf3 Re8 10. O-O Nbd7 11. Bf4 Nh5 12. Bxd6 Qb6 13. Nb5 c4 14. Bxc4 Rxe4 15. Qd3 Ndf6 16. Ng5 Nf4 17. Bxf4 Rxf4 18. d6 Bf5 19. Bxf7+ Kh8 20. Qb3 Rf8 21. Rad1 h6 22. Ne6 Bxe6 23. Bxe6 Ne4 24. Nc3 Nxf2 25. Qxb6 axb6 26. d7 Bf6 27. Rxf2 Rxf2 28. Kxf2 Bxc3+ 29. Ke2 Bf6 30. Kd3 Bxb2 31. Ke4 Bf6 32. Rc1 Kg7 33. Rc8 Bd8 34. Kd5 Kf6 35. g4 Ke7 36. Rb8 Rf6 37. Bg8 Rd6+ 38. Ke5 Rxd7 39. Be6 Bc7+ 0-1


[Site "https://www.chess.com"]

[Event "Late Titled Tuesday Blitz February 8 2022"]
[White "Vifleemskaia, Svetlana"]
[Black "Levine, David"]
[WhiteFideId "4129490"]
[BlackFideId "2011611"]
[WhiteElo "1901"]
[BlackElo "2112"]
[Result "0-1"]
[Round "03"]
[TimeControl "180+1"]
[Date "2022.02.09"]
[WhiteClock "0:00:02"]
[BlackClock "0:00:29"]

1. d4 Nf6 2. c4 g6 3. Nc3 Bg7 4. e4 d6 5. Nge2 O-O 6. Ng3 Nc6 7. d5 Ne5 8. f4 Ned7 9. Be2 e6 10. O-O exd5 11. cxd5 Re8 12. Bf3 Nc5 13. Kh1 c6 14. Be3 cxd5 15. Bxc5 dxe4 16. Bxd6 exf3 17. Be5 fxg2+ 18. Kxg2 Qb6 19. Qb3 Qxb3 20. axb3 Ng4 21. Bxg7 Kxg7 22. Rfe1 Be6 23. b4 Red8 24. Re2 Rd4 25. f5 gxf5 26. b5 a5 27. bxa6 Rxa6 28. Rxa6 bxa6 29. h3 Nf6 30. Kf3 Nd5 31. Re5 Nxc3 32. bxc3 Rd3+ 33. Kf4 Rxc3 34. Nxf5+ Bxf5 35. Rxf5 Rc4+ 36. Kg5 Rc7 37. Ra5 Ra7 38. h4 h6+ 39. Kf5 f6 40. h5 Kf7 0-1


[Site "https://www.chess.com"]

[Event "Late Titled Tuesday Blitz February 8 2022"]
[White "Vovk, Orest"]
[Black "Novikova, Galina"]
[WhiteFideId "14113490"]
[BlackFideId "4157095"]
[WhiteElo "2203"]
[BlackElo "1863"]
[Result "1-0"]
[Round "03"]
[TimeControl "180+1"]
[Date "2022.02.09"]
[WhiteClock "0:01:32"]
[BlackClock "0:00:09"]

1. h4 d5 2. h5 h6 3. e4 dxe4 4. Nc3 Nf6 5. Qe2 Nc6 6. Nxe4 Bf5 7. Nxf6+ gxf6 8. c3 Qd7 9. d4 O-O-O 10. Be3 e5 11. dxe5 Nxe5 12. Rd1 Nd3+ 13. Rxd3 Bxd3 14. Qxd3 Qxd3 15. Bxd3 Rxd3 16. Nf3 Rd8 17. Rh4 Bd6 18. Ra4 a6 19. Ra5 Rde8 20. Kf1 Be5 21. Nh4 Rd8 22. Ke2 Rhe8 23. g3 Rd6 24. Nf5 Rde6 25. Ng7 R6e7 26. Nxe8 Rxe8 27. Ra4 f5 28. Kf3 Kd7 29. Bxh6 Rh8 30. Bf4 Bxf4 31. Kxf4 Rxh5 32. Ra5 Ke6 33. Re5+ Kf6 34. Re8 Rh2 35. Kf3 Rh1 36. Rc8 Rb1 37. b3 b5 38. Rxc7 Rb2 39. Rc6+ Ke5 40. Rxa6 Rc2 41. Ra5 Rxc3+ 42. Kg2 Ke4 43. Rxb5 Rc2 44. a4 Kd3 45. Rxf5 Kc3 46. Rxf7 Kxb3 47. Rd7 Kxa4 48. g4 Kb5 49. Kg3 Kc6 50. Rd8 Rc1 51. Rc8+ 1-0


[Site "https://www.chess.com"]

[Event "Late Titled Tuesday Blitz February 8 2022"]
[White "Vusatiuk, Vladimir"]
[Black "Martirosyan, Haik M."]
[WhiteFideId "14118610"]
[BlackFideId "13306553"]
[WhiteElo "2535"]
[BlackElo "2957"]
[Result "0-1"]
[Round "03"]
[TimeControl "180+1"]
[Date "2022.02.09"]
[WhiteClock "0:00:02"]
[BlackClock "0:01:13"]

1. d4 Nf6 2. c4 e6 3. Nc3 Bb4 4. e3 O-O 5. Nf3 b6 6. Bd3 Bb7 7. O-O Bxc3 8. bxc3 Ne4 9. Qc2 f5 10. Nd2 Nxd2 11. Bxd2 d6 12. f3 Nd7 13. a4 a5 14. Rab1 Rb8 15. Rfe1 Qh4 16. e4 fxe4 17. Bxe4 e5 18. Bxb7 Rxb7 19. c5 dxc5 20. dxe5 Rbb8 21. Qe4 Qxe4 22. Rxe4 Rfe8 23. Rbe1 Rbd8 24. Bg5 Rc8 25. f4 c6 26. Rd1 Nf8 27. f5 h6 28. Bh4 b5 29. e6 Rb8 30. e7 Nh7 31. Rd8 Kf7 32. Bf2 Nf6 33. Rxb8 Rxb8 34. Re6 b4 35. Bxc5 bxc3 36. Rxc6 c2 37. Be3 Rb1+ 38. Kf2 Ng4+ 39. Kf3 Nxe3 40. Rc8 Kxe7 41. Rc7+ Kd6 42. Kxe3 Kxc7 43. f6 c1=Q+ 44. Ke4 Rb4+ 0-1


[Site "https://www.chess.com"]

[Event "Late Titled Tuesday Blitz February 8 2022"]
[White "Wan, Joseph"]
[Black "Zhou, Qiyu"]
[WhiteFideId "2069890"]
[BlackFideId "505161"]
[WhiteElo "2149"]
[BlackElo "1925"]
[Result "1-0"]
[Round "03"]
[TimeControl "180+1"]
[Date "2022.02.09"]
[WhiteClock "0:00:54"]
[BlackClock "0:00:48"]

1. d4 Nf6 2. Bf4 d5 3. e3 e6 4. Nf3 Bd6 5. Nbd2 c5 6. c3 Nc6 7. Bd3 O-O 8. Bg3 Re8 9. Ne5 Qe7 10. f4 Nd7 11. O-O f6 12. Qh5 Nf8 13. Nxc6 bxc6 14. e4 cxd4 15. cxd4 Bb4 16. Nf3 Bd7 17. Bh4 Qf7 18. Qxf7+ Kxf7 19. e5 f5 20. Rac1 c5 21. dxc5 Rec8 22. Bf2 Bc6 23. a3 Ba5 24. b4 Bd8 25. Nd4 a6 26. g3 g5 27. Ra1 Ng6 28. Be3 gxf4 29. gxf4 Be7 30. a4 Bd7 31. Rfc1 Rg8 32. Kf2 Bh4+ 33. Ke2 Ke7 34. c6 Be8 35. b5 Nf8 36. Rg1 Bh5+ 37. Kd2 Ng6 38. b6 a5 39. b7 1-0


[Site "https://www.chess.com"]

[Event "Late Titled Tuesday Blitz February 8 2022"]
[White "Weetik, Vjacheslav"]
[Black "Reprintsev, Alexander"]
[WhiteFideId "4153472"]
[BlackFideId "14100541"]
[WhiteElo "2690"]
[BlackElo "2483"]
[Result "1-0"]
[Round "03"]
[TimeControl "180+1"]
[Date "2022.02.09"]
[WhiteClock "0:00:08"]
[BlackClock "0:00:11"]

1. e4 d5 2. exd5 Qxd5 3. Nc3 Qa5 4. d4 Nf6 5. Nf3 Nc6 6. Bd2 a6 7. Bc4 Qh5 8. Ne5 Bg4 9. Nxg4 Qxg4 10. Qxg4 Nxg4 11. d5 Nd4 12. Bd3 Ne5 13. Be4 f5 14. Be3 fxe4 15. Bxd4 Nc4 16. Nxe4 O-O-O 17. O-O-O Rxd5 18. b3 Nd6 19. c4 Ra5 20. Rhe1 Rxa2 21. Ng5 b6 22. Ne6 h5 23. Kb1 Ra5 24. Nxf8 Rxf8 25. Rxe7 Nf5 26. Re2 Nxd4 27. Rxd4 Raf5 28. f3 g5 29. Re7 Kb7 30. Rdd7 Rc5 31. Rg7 a5 32. Kb2 Rf4 33. Rd5 Rxd5 34. cxd5 g4 35. fxg4 Rf2+ 36. Kc3 Rxg2 37. d6 Kc8 38. Rxc7+ Kd8 39. gxh5 Rxh2 40. Rh7 Rh4 41. h6 b5 42. Kd3 a4 43. bxa4 bxa4 44. Kc3 a3 45. Kb3 Rh3+ 46. Ka2 Kc8 47. Rc7+ Kb8 48. h7 Rh6 49. Rg7 1-0


[Site "https://www.chess.com"]

[Event "Late Titled Tuesday Blitz February 8 2022"]
[White "Xie, Bryan"]
[Black "Janaszak, Dawid"]
[WhiteFideId "30941296"]
[BlackFideId "1119206"]
[WhiteElo "1899"]
[BlackElo "2199"]
[Result "0-1"]
[Round "03"]
[TimeControl "180+1"]
[Date "2022.02.09"]
[WhiteClock "0:00:01"]
[BlackClock "0:00:35"]

1. d4 Nf6 2. Nf3 g6 3. Bf4 Bg7 4. e3 d6 5. Be2 Nh5 6. Bg5 h6 7. Bh4 c5 8. c3 g5 9. Bg3 cxd4 10. exd4 Qb6 11. Qb3 Nxg3 12. hxg3 Qc7 13. Nbd2 Nc6 14. d5 Na5 15. Qa4+ Bd7 16. Bb5 b6 17. Bxd7+ Qxd7 18. Qxd7+ Kxd7 19. Ke2 Rac8 20. Kd3 b5 21. Rac1 Rc5 22. b4 Rxd5+ 23. Ke4 f5+ 24. Ke3 Nc6 25. Nb3 e5 26. Rcd1 Ne7 27. Rxd5 Nxd5+ 28. Kd2 Rc8 29. Rc1 g4 30. Nh4 Ke6 31. Re1 e4 32. Nd4+ Bxd4 33. cxd4 Nxb4 34. Rb1 Nc6 35. d5+ Kxd5 36. Rxb5+ Kc4 37. Nxf5 Rd8 38. Rb7 d5 39. Nxh6 d4 40. Nxg4 Rf8 41. Rc7 Kb5 42. Ke2 d3+ 43. Ke3 Rd8 44. Re7 d2 45. Rxe4 d1=Q 0-1


[Site "https://www.chess.com"]

[Event "Late Titled Tuesday Blitz February 8 2022"]
[White "Xiong, Jeffery"]
[Black "Kosakowski, Jakub"]
[WhiteFideId "2047640"]
[BlackFideId "1185080"]
[WhiteElo "2727"]
[BlackElo "2476"]
[Result "1-0"]
[Round "03"]
[TimeControl "180+1"]
[Date "2022.02.08"]
[WhiteClock "0:00:08"]
[BlackClock "0:00:04"]

1. d4 Nf6 2. c4 e6 3. Nc3 Bb4 4. a3 Bxc3+ 5. bxc3 b6 6. f3 Nc6 7. e4 Ba6 8. Bg5 h6 9. Bh4 Qc8 10. Bd3 Na5 11. Qe2 c5 12. e5 Nh5 13. Nh3 g5 14. Bf2 cxd4 15. cxd4 Bxc4 16. O-O Qa6 17. Bxc4 Qxc4 18. Qe3 Qd5 19. Rac1 Nc4 20. Qe2 b5 21. a4 a6 22. f4 Nxf4 23. Nxf4 gxf4 24. Kh1 Rg8 25. Bg1 d6 26. exd6 Kd7 27. Rxf4 f5 28. Rf2 Rg6 29. axb5 axb5 30. Qh5 Rag8 31. Ra1 Kxd6 32. Ra6+ Kc7 33. Raa2 Ne3 34. Qh4 Rg5 35. Qf4+ Kb7 36. Qxe3 Rc8 37. Qa3 Rc1 38. Qa8+ Kc7 39. Rfc2+ Rxc2 40. Rxc2+ Kd7 41. Qa7+ Kd8 42. Qb8+ Ke7 43. Rc7+ Kf6 44. Qf8+ Kg6 45. Qf7# 1-0


[Site "https://www.chess.com"]

[Event "Late Titled Tuesday Blitz February 8 2022"]
[White "Yang, Kaiqi"]
[Black "Zarubitski, Viachaslau"]
[WhiteFideId "8604398"]
[BlackFideId "13509373"]
[WhiteElo "2373"]
[BlackElo "2325"]
[Result "0-1"]
[Round "03"]
[TimeControl "180+1"]
[Date "2022.02.08"]
[WhiteClock "0:00:03"]
[BlackClock "0:00:11"]

1. c4 Nf6 2. Nc3 g6 3. e4 d6 4. d4 Bg7 5. Be2 O-O 6. Nf3 e5 7. d5 a5 8. Bg5 Na6 9. Nd2 h6 10. Be3 b6 11. g4 Nc5 12. h4 Nh7 13. h5 Ng5 14. Qc2 f5 15. hxg6 fxg4 16. O-O-O Qf6 17. Rdg1 Nh3 18. Bxg4 Nxg1 19. Rxg1 Bxg4 20. Rxg4 Qe7 21. Nf1 Qd7 22. Rg1 Rf6 23. Qd2 Raf8 24. Kb1 Qh3 25. a3 Nb3 26. Qd1 Nd4 27. Ka2 Qf3 28. Ng3 Qxd1 29. Rxd1 Nc2 30. Nh5 Rxg6 31. Nb5 Nxe3 32. fxe3 Rf7 33. Rh1 Rg5 34. b4 axb4 35. axb4 Bf8 36. Kb3 Kh7 37. c5 bxc5 38. bxc5 dxc5 39. Kc4 Kg6 40. d6 cxd6 41. Kd5 Rxh5 42. Rg1+ Rg5 43. Rh1 Rf6 44. Nc7 h5 45. Ne8 Rf2 46. Ke6 Rg4 47. Ra1 h4 48. Ra8 h3 49. Nc7 h2 0-1


[Site "https://www.chess.com"]

[Event "Late Titled Tuesday Blitz February 8 2022"]
[White "Yang, Qindong"]
[Black "Fishbein, Alexander"]
[WhiteFideId "8603758"]
[BlackFideId "2000377"]
[WhiteElo "2101"]
[BlackElo "2442"]
[Result "1-0"]
[Round "03"]
[TimeControl "180+1"]
[Date "2022.02.09"]
[WhiteClock "0:00:20"]
[BlackClock "0:00:33"]

1. d4 Nf6 2. c4 g6 3. Nf3 Bg7 4. g3 O-O 5. Bg2 d6 6. O-O Nc6 7. Nc3 e5 8. d5 Nb8 9. e4 a5 10. Ne1 Na6 11. Nd3 Nd7 12. Be3 Ndc5 13. Nxc5 Nxc5 14. a3 Bd7 15. b4 axb4 16. axb4 Rxa1 17. Qxa1 Nb3 18. Qd1 Nd4 19. Ne2 Ba4 20. Qd2 Nc2 21. Bh6 Bxh6 22. Qxh6 Nxb4 23. Rb1 Na6 24. Rxb7 Nc5 25. Rb2 Qf6 26. Nc3 Bb3 27. Nb5 Bxc4 28. Nxc7 Nd3 29. Rc2 Rb8 30. Qe3 Rb1+ 31. Bf1 Nb2 32. Rc1 Nd1 33. Rxb1 Nxe3 34. Rb8+ Kg7 35. Ne8+ Kh6 36. Nxf6 Nxf1 37. Rb2 Bd3 38. Ne8 f5 39. exf5 gxf5 40. Nxd6 Kg5 41. Ne8 e4 42. d6 e3 43. fxe3 1-0


[Site "https://www.chess.com"]

[Event "Late Titled Tuesday Blitz February 8 2022"]
[White "Yoo, Christopher Woojin"]
[Black "Dourerassou, Jonathan"]
[WhiteFideId "30909694"]
[BlackFideId "628050"]
[WhiteElo "2105"]
[BlackElo "2513"]
[Result "1/2-1/2"]
[Round "03"]
[TimeControl "180+1"]
[Date "2022.02.08"]
[WhiteClock "0:00:07"]
[BlackClock "0:00:14"]

1. e4 d5 2. exd5 Qxd5 3. Nc3 Qd8 4. d4 Nf6 5. Bc4 Bg4 6. Nf3 e6 7. h3 Bxf3 8. Qxf3 c6 9. Be3 Nbd7 10. O-O Bd6 11. Bd3 Nd5 12. Ne4 Bc7 13. Bd2 N7f6 14. Nc5 b6 15. Na6 Bd6 16. c4 Ne7 17. Bg5 Qc8 18. c5 bxc5 19. Bxf6 gxf6 20. Qxf6 Rg8 21. Nxc5 Nd5 22. Qf3 Nf4 23. Ne4 Qd8 24. g3 Nxh3+ 25. Kh1 Be7 26. Rac1 Rc8 27. Rxc6 Rxc6 28. Bb5 Qxd4 29. Bxc6+ Kf8 30. b3 Rg6 31. Rd1 Qb6 32. Bd7 Qb7 33. Kg2 Rh6 34. Rh1 Qxd7 35. Rxh3 Rxh3 36. Kxh3 Qd5 37. Kg2 a5 38. g4 a4 39. bxa4 Qxa2 40. Nc3 Qb3 41. Qc6 Qb4 42. Ne4 h6 43. f3 Qb2+ 44. Kh3 Qa3 45. Qc8+ Kg7 46. Qc3+ Qxc3 47. Nxc3 Kf6 48. f4 Bd8 49. Ne4+ Ke7 50. f5 exf5 51. gxf5 Kd7 52. Kg4 Kc6 53. Kh5 Kd5 54. Ng3 Bc7 55. Nf1 Ke5 56. Ne3 Bb8 57. Kxh6 Ba7 58. Nc4+ Kxf5 59. Nd6+ Ke6 60. Nxf7 Kxf7 61. Kg5 Ke6 62. Kf4 Kd5 63. Kf3 Kc4 64. Ke2 Kb3 65. Kf3 Kxa4 1/2-1/2


[Site "https://www.chess.com"]

[Event "Late Titled Tuesday Blitz February 8 2022"]
[White "Yuan, Qingyu"]
[Black "Caruana, Fabiano"]
[WhiteFideId "8609772"]
[BlackFideId "2020009"]
[WhiteElo "2359"]
[BlackElo "2744"]
[Result "0-1"]
[Round "03"]
[TimeControl "180+1"]
[Date "2022.02.08"]
[WhiteClock "0:00:04"]
[BlackClock "0:00:34"]

1. Nf3 Nf6 2. g3 g6 3. b3 Bg7 4. Bb2 O-O 5. Bg2 d6 6. d4 Nbd7 7. O-O a5 8. Nbd2 a4 9. c4 c6 10. Qc2 Qc7 11. e4 e5 12. Rad1 exd4 13. Nxd4 axb3 14. axb3 Nc5 15. Ra1 Bd7 16. b4 Ne6 17. N2b3 Nxd4 18. Nxd4 Ng4 19. h3 Nf6 20. c5 Rfe8 21. Rad1 dxc5 22. bxc5 Rad8 23. Rd2 h5 24. Rfd1 Bc8 25. Nb3 Rxd2 26. Rxd2 Be6 27. Nd4 Nd7 28. f4 Nf8 29. Nxe6 Nxe6 30. Bxg7 Kxg7 31. Qc3+ Kg8 32. f5 Nf8 33. Rd6 Qe7 34. Kh2 Qe5 35. Qe3 h4 36. fxg6 Nxg6 37. Rd7 Re7 38. Rd8+ Kg7 39. Ra8 hxg3+ 40. Qxg3 Qxc5 41. Qg4 Qe5+ 42. Kh1 Re6 43. Qd1 Rd6 44. Qf3 b5 45. Ra7 Rf6 46. Qe2 Nf4 47. Qf3 Rg6 48. Bf1 Qc5 49. Rxf7+ Kxf7 50. Qxf4+ Rf6 51. Qc7+ Qe7 52. Qxe7+ Kxe7 53. Be2 Rf2 54. Bg4 b4 55. Kg1 Rd2 56. Kf1 b3 57. Ke1 Rh2 58. e5 b2 59. Bf5 b1=Q+ 60. Bxb1 Rh1+ 61. Kf2 Rxb1 62. Ke3 Rb5 63. Kd4 Ke6 64. h4 Rxe5 65. Kc4 Rh5 0-1


[Site "https://www.chess.com"]

[Event "Late Titled Tuesday Blitz February 8 2022"]
[White "Zhigalko, Sergei"]
[Black "Nilsen, Tobias Lang"]
[WhiteFideId "13502956"]
[BlackFideId "1521624"]
[WhiteElo "2831"]
[BlackElo "2506"]
[Result "1-0"]
[Round "03"]
[TimeControl "180+1"]
[Date "2022.02.09"]
[WhiteClock "0:00:43"]
[BlackClock "0:00:05"]

1. e4 c5 2. Nf3 e6 3. c3 Nf6 4. e5 Nd5 5. Bc4 Nc6 6. d4 cxd4 7. cxd4 d6 8. O-O Be7 9. Bd2 O-O 10. Nc3 Nxc3 11. Bxc3 d5 12. Bd3 Bd7 13. Rc1 Rc8 14. g3 Qb6 15. h4 f6 16. exf6 Bxf6 17. Re1 Rce8 18. Bb1 e5 19. dxe5 Nxe5 20. Bxe5 Bxe5 21. Qxd5+ Kh8 22. Rxe5 Rxe5 23. Qxe5 h6 24. Be4 Bg4 25. Rc7 Rg8 26. Kg2 a5 27. Rxb7 Qc5 28. Qxc5 1-0


[Site "https://www.chess.com"]

[Event "Late Titled Tuesday Blitz February 8 2022"]
[White "Zhurbinsky, David"]
[Black "Sarkar, Justin"]
[WhiteFideId "2072904"]
[BlackFideId "2010011"]
[WhiteElo "2577"]
[BlackElo "2038"]
[Result "1/2-1/2"]
[Round "03"]
[TimeControl "180+1"]
[Date "2022.02.09"]
[WhiteClock "0:00:07"]
[BlackClock "0:00:03"]

1. e4 c5 2. Nf3 Nc6 3. c4 e5 4. Nc3 d6 5. Be2 f5 6. d3 Nf6 7. a3 Be7 8. Rb1 a5 9. O-O O-O 10. h3 f4 11. Nh2 Nd4 12. b4 axb4 13. axb4 g5 14. Bd2 Qe8 15. Nd5 Nxd5 16. cxd5 Nxe2+ 17. Qxe2 cxb4 18. Rxb4 h5 19. d4 exd4 20. Rc1 Qg6 21. Rxd4 g4 22. hxg4 hxg4 23. g3 fxg3 24. fxg3 Bf6 25. Rdc4 Be5 26. Qe3 Bd7 27. Rc7 Rf7 28. Rxb7 Raf8 29. Bc3 Rf3 30. Nxf3 Rxf3 31. Qxf3 gxf3 32. Bxe5 dxe5 33. Kf2 Qg5 34. Rcc7 Qd2+ 35. Kxf3 Qd3+ 36. Kg2 Qe2+ 37. Kg1 Qe1+ 38. Kh2 Qf2+ 39. Kh1 Qf1+ 40. Kh2 Qf2+ 41. Kh1 Qf1+ 42. Kh2 Qf2+ 1/2-1/2


[Site "https://www.chess.com"]

[Event "Late Titled Tuesday Blitz February 8 2022"]
[White "volunteers1998"]
[Black "Migot, Tangi"]
[BlackFideId "662445"]
[WhiteElo "2231"]
[BlackElo "2544"]
[Result "0-1"]
[Round "03"]
[TimeControl "180+1"]
[Date "2022.02.09"]
[WhiteClock "0:00:01"]
[BlackClock "0:00:21"]

1. e4 c6 2. d4 Na6 3. Nc3 Nc7 4. f4 d5 5. e5 h5 6. Bd3 Bg4 7. Nf3 Nh6 8. h3 Bf5 9. Be3 e6 10. Qd2 Bxd3 11. Qxd3 Nf5 12. O-O-O h4 13. Rhg1 b5 14. Bf2 Be7 15. Kb1 a5 16. Ne2 g6 17. g4 hxg3 18. Nxg3 Nh4 19. Nxh4 Bxh4 20. Qf3 Bxg3 21. Rxg3 b4 22. Rh1 Qe7 23. Rg5 Kd7 24. h4 Rh6 25. h5 Rah8 26. Rh4 Nb5 27. Qg4 Rxh5 28. Rhxh5 Rxh5 29. Rxh5 gxh5 30. Qxh5 Kc7 31. Bh4 Qd7 32. Qh8 Kb7 33. Qd8 Qxd8 34. Bxd8 Nxd4 35. Bxa5 c5 36. Bd8 Ne2 37. Bg5 d4 38. b3 Kc6 39. Kb2 Kd5 40. a4 bxa3+ 41. Kxa3 Ke4 42. b4 cxb4+ 43. Kxb4 Nxf4 44. Kc4 Ng6 45. c3 Nxe5+ 46. Kb3 Nf3 47. Bh6 dxc3 48. Kxc3 f5 49. Kc2 e5 50. Kd1 f4 51. Ke2 Nd4+ 52. Kf2 Kf5 53. Bg7 Ne6 54. Bh8 e4 55. Ke2 e3 56. Kf3 Ng5+ 57. Ke2 Ke4 58. Bf6 Ne6 59. Be7 f3+ 60. Ke1 f2+ 61. Ke2 Nf4+ 62. Kf1 Kf3 0-1


[Site "https://www.chess.com"]